cohdb
Replays
Latest Replays
All Replays
Popular Replays
Top Player Replays
Match Explorer
How It Works
Community
CoH3 Stats
Reddit
Sign in to upload your games and track your stats! →
Sign in with Steam
Match 43127037
Unlisted
Match 43127037
Overview
Messages
Build Orders
End
Construct Barracks
Selects Heavy Weapons
Riflemen Squad
Riflemen Squad
Riflemen Squad
Construct Weapon Support Center
M1919 Machine Gun Team
Infantry Support Center
M3 Armored Personnel Carrier
Selects Assault Carriers
Selects Exchangeable Parts
M3 Assault Carrier
M1918 Browning Automatic Rifles
Engineer Squad
Selects M2HB .50cal Heavy Machine Gun
Grenade Package
M1919 Machine Gun Team
Construct Tank Depot
M4A1 Sherman Medium Tank
Scout Squad
Construct Medical Station
Selects Rapid Reposition
Riflemen Squad
M4A1 Sherman Medium Tank
Selects Bolstered Team Weapons
woof_raff
Homer Simpson's Coffin
Vitruc
Herf
0
0
Comments
sign in to comment!
No comments posted yet!